 Dungeon Crawl Stone Soup version v1.0-4-gf91daec (webtiles) character file.

79 Chic the Changer (level 4, -1/28 HPs)
             Began as a Sludge Elf Transmuter on Feb 6, 2018.
             Slain by Crazy Yiuf
             ... wielding a +4 quarterstaff of chaos
              (7 damage)
             ... on level 2 of the Dungeon.
             The game lasted 00:03:41 (2113 turns).

Chic the Changer (Sludge Elf Transmuter)            Turns: 2113, Time: 00:03:42

Health: -1/28      AC:  3    Str: 10    XL:     4   Next: 38%
Magic:  7/8        EV: 13    Int: 14    God:
Gold:   70         SH:  0    Dex: 16    Spells: 6/7 levels left

rFire    . . .     SeeInvis .     - Unarmed
rCold    . . .     Gourm    .   (no shield)
rNeg     . . .     Faith    .   b - +0 robe
rPois    .         Spirit   .   e - +0 helmet
rElec    .         Reflect  .   (no cloak)
rCorr    .         Harm     .   (no gloves)
MR       .....                  (boots currently unavailable)
Stlth    +.........             (no amulet)
HPRegen  0.09/turn              (no ring)
MPRegen  0.11/turn              (no ring)

@: confused, appendage
A: talons 3
a: End Transformation


You were on level 2 of the Dungeon.
You were hungry.
You had grown temporary talons.
You visited 1 branch of the dungeon, and saw 2 of its levels.

You collected 70 gold pieces.

Inventory:

Missiles
 a - 34 arrows
Armour
 b - a +0 robe (worn)
 e - a +0 helmet (worn)
Jewellery
 p - an uncursed amulet of magic regeneration {unknown}
Scrolls
 h - a scroll of immolation {unknown}
 i - 3 scrolls of enchant weapon {unknown}
 l - 2 scrolls of magic mapping {unknown}
 m - 3 scrolls of identify {unknown}
 o - 2 scrolls of blinking {unknown}
Potions
 f - 4 potions of curing {unknown}
 g - a potion of heal wounds {unknown}
 j - 2 potions of flight {unknown}
 k - a potion of mutation {unknown}
Books
 c - a book of Changes

   Spells                             Type                      Level
   a - Beastly Appendage              Transmutation                1
   b - Sticks to Snakes               Transmutation                2
   c - Spider Form                    Transmutation/Poison         3
   d - Ice Form                       Ice/Transmutation            4
   e - Blade Hands                    Transmutation                5
Comestibles
 d - 5 rations


   Skills:
 - Level 1.1 Fighting
 - Level 2.4 Dodging
 + Level 4.1 Unarmed Combat
 - Level 2.4 Spellcasting
 * Level 5.1 Transmutations


You had 6 spell levels left.
You knew the following spells:

 Your Spells              Type           Power        Failure   Level  Hunger
a - Beastly Appendage     Tmut           ###...       2%          1    #......


Dungeon Overview and Level Annotations

Branches:
Dungeon (2/15)

Altars:
Fedhas

Annotations:
D:2 Crazy Yiuf


Innate Abilities, Weirdness & Mutations

You have claws for feet.


Message History

There is an open door here.
You open the door.
Crabby Yiuf the Enlightened comes into view.
He is wielding a quarterstaff of chaos.
Found a hammer.
There is an open door here.
Crabby Yiuf gurgles!
Crabby Yiuf barely misses you.
Casting: Beastly Appendage (safe; 2% risk of failure)
Confirm with . or Enter, or press ? or * to list all spells.
Your feet morph into talons.
Crabby Yiuf waves his quarterstaff at you.
Crabby Yiuf hits you with a quarterstaff of chaos.
You closely miss Crabby Yiuf.
Crabby Yiuf hits you with a quarterstaff of chaos!
Ouch! That really hurt!
* * * CRAB GONE DIE * * *
You are confused.
You bump into the stone wall.
Crabby Yiuf hits you with a quarterstaff of chaos!
Your journey is over little crab

#### ####
#..♣♣♣..#
#####
#.......###
#)..#
########
...♣♣♣....#
#..g#
######......#
..........#
#..@#
#.......(....
#.......###
##'##
#.###........
#.......#
♣.♣♣ #.#
#.......†
'.......#
♣♣.♣ #.#
#......#.
#.......#
♣.♣♣ #.#
#........
##+###.##
♣♣.♣ #.#
#........ #.#
#.# ♣♣.♣♣ #.#
#.##.....
##.###.##
♣♣P..♣ #.#
#.##.####
........###
♣P.P.♣ #.#
#.##.#...


You could see Crazy Yiuf.

Vanquished Creatures
  Jessica (D:2)
  2 adders (D:2)
  A dart slug (D:2)
  4 leopard geckos
  2 giant cockroaches
  4 goblins
  3 hobgoblins
  A quokka (D:2)
  8 bats
  A frilled lizard (D:2)
  A kobold (D:2)
  2 rats
30 creatures vanquished.

Notes
Turn   | Place    | Note
-------+----------+-------------------------------------------
     0 | D:1      | Chic the Sludge Elf Transmuter began the quest for the Orb.
     0 | D:1      | Reached XP level 1. HP: 13/13 MP: 4/4
   103 | D:1      | Reached skill level 3 in Transmutations
   360 | D:1      | Reached XP level 2. HP: 11/18 MP: 6/6
  1053 | D:2      | Reached skill level 4 in Transmutations
  1053 | D:2      | Reached XP level 3. HP: 23/23 MP: 5/7
  1325 | D:2      | Found a runed door.
  1714 | D:2      | Noticed Jessica
  1720 | D:2      | Killed Jessica
  1720 | D:2      | Reached skill level 5 in Transmutations
  1720 | D:2      | Reached XP level 4. HP: 25/28 MP: 8/8
  1874 | D:2      | Found a blossoming altar of Fedhas.
  2106 | D:2      | Noticed Crazy Yiuf
  2113 | D:2      | Slain by Crazy Yiuf

Skill      XL: |  1  2  3 |
---------------+----------+-----
Transmutations | 3 4 5 |  5.1
Unarmed Combat | 4 |  4.1
Fighting       | |  1.1
Dodging        | |  2.4
Spellcasting   | |  2.4

Action                   |  1- 3 |  4- 6 || total
-------------------------+-------+-------++-------
Melee: Unarmed           |   115 |     7 ||   122
       Kick              |     3 |       ||     3
 Cast: Beastly Appendage |     2 |     1 ||     3
  Eat: Chunk             |     3 |       ||     3
Armor: Robe              |    36 |       ||    36
Dodge: Dodged            |   126 |     4 ||   130
